 Dungeon Crawl Stone Soup version 0.28-a0-1629-gf728b707aa (webtiles) character file.

Game seed: 11826930529120319475

1222 a3don the Skirmisher (level 8, -9/60 HPs)
             Began as a Djinni Hedge Wizard on Jan 25, 2022.
             Was an Initiate of Cheibriados.
             Mangled by Menkaure (23 damage)
             ... on level 5 of the Dungeon.
             The game lasted 00:22:26 (8756 turns).

a3don the Skirmisher (Djinni Hedge Wizard)          Turns: 8756, Time: 00:22:26

Health: -9/60      AC:  2    Str: 14    XL:     8   Next: 76%
Gold:   294        EV: 12    Int: 19    God:    Cheibriados [......] SH:  0 Dex: 14

rFire   + + .      SeeInvis .   w - +3 dagger of Suril {flame, Str+4}
rCold   x . .      Faith    .   (no shield)
rNeg    . . .      Spirit   .   F - +0 robe {Archmagi}
rPois   ∞          Reflect  .   c - +0 hat
rElec   .          Harm     .   (no cloak)
rCorr   .          Rampage  .   (no gloves)
Will    .....      Archmagi +   (boots unavailable)
Stlth   +++.......              (no amulet)
HPRegen 0.20/turn               (no ring)
MPRegen 0.00/turn               (no ring)

@: flying, very slow
A: sickness immunity, fire resistance 2, cold vulnerability 1, float, innate
caster, hp casting, extra vitality 1
a: Renounce Religion


You were on level 5 of the Dungeon.
You worshipped Cheibriados.
Cheibriados was noncommittal.
You visited 1 branch of the dungeon, and saw 5 of its levels.

You collected 294 gold pieces.

Inventory:

Hand Weapons
 a - a +0 dagger
 g - a +0 short sword
 r - a +3 dagger of protection
 t - a +1 morningstar of holy wrath
 v - a +0 rapier
 w - the +3 dagger of Suril (weapon) {flame, Str+4}
   (You found it on level 4 of the Dungeon)

   It burns those it strikes, dealing additional fire damage.
   Str:       It affects your strength (+4).
 x - a +0 hunting sling
 y - a +0 war axe
 B - a +2 spear of freezing
 E - a +2 whip of freezing
Missiles
 h - 61 stones (quivered)
 k - 50 sling bullets
 n - 14 poisoned darts
 u - a throwing net
Armour
 b - a +0 robe
 c - a +0 hat (worn)
 d - a +2 leather armour of positive energy
 F - a +0 robe of the Archmagi (worn)
Wands
 p - a wand of iceblast (6)
Scrolls
 e - 2 scrolls of magic mapping {unknown}
 f - a scroll of identify
 i - a scroll of blinking {unknown}
 j - 2 scrolls of immolation
 l - a scroll of fear {unknown}
 m - 3 scrolls of teleportation {unknown}
 q - 3 scrolls of fog
 C - a scroll of enchant weapon {unknown}
 D - a scroll of noise {unknown}
 G - a scroll of summoning {unknown}
Potions
 s - a potion of ambrosia
 z - a potion of curing {unknown}
 A - a potion of mutation {unknown}


   Skills:
 + Level 5.4 Fighting
 + Level 3.1 Short Blades
 - Level 2.7 Dodging
 + Level 3.9 Stealth
 + Level 5.0 Spellcasting


You couldn't memorise any spells.
You knew the following spells:

 Your Spells              Type           Power      Damage    Failure   Level
a - Magic Dart            Conj           100%       1d8       1%          1
b - Blink                 Tloc           72%        N/A       2%          2
c - Call Imp              Summ           36%        N/A       2%          2
d - Slow                  Hex            100%       N/A       1%          1
e - Conjure Flame         Conj/Fire      36%        6-21      4%          3
f - Mephitic Cloud        Conj/Pois/Air  36%        N/A       4%          3
g - Freeze                Ice            100%       1d11      1%          1
h - Corpse Rot            Necr/Air       72%        N/A       2%          2
i - Confusing Touch       Hex            36%        N/A       4%          3
Your spell library was empty.

Dungeon Overview and Level Annotations

Branches:
Dungeon (5/15)
 Temple: D:4-7

Altars:
Ashenzari
Cheibriados
Nemelex Xobeh
Okawaru
Ru
Sif Muna

Shops:
D:5 :

Annotations:
D:5 Menkaure


Innate Abilities, Weirdness & Mutations

You are immune to sickness and miasma.
You are immune to poison.
Your flesh is very heat resistant. (rF++)
You are vulnerable to cold. (rC-)
You float through the air rather than walking.
You learn spells naturally, not from books.
Your magical power is your life essence.
You have superior vitality. (+4 MHP)


Message History

The centaur shoots an arrow.
The arrow closely misses you.
Casting: Mephitic Cloud (dangerous; 4% risk of failure)
Confirm with . or Enter, or press ? or * to list all spells.
Aiming: Mephitic Cloud (dangerous; 4% risk of failure)
Press: ? - help, Shift-Dir - straight line, f/p - centaur
Aim: a centaur, wielding a +0 shortbow and quivering arrows (heavily wounded, chance to affect: 81%)
Okay, then.
You are confused.
You feel invigorated.
The centaur shoots an arrow.
The arrow barely misses you.
You bump into the rock wall.
The centaur shoots an arrow.
The arrow hits you!
* * * LOW HITPOINT WARNING * * *
You bump into the rock wall.
The centaur unwields a +0 shortbow.
The centaur barely misses you. The centaur closely misses you.
Menkaure calls on the powers of darkness!
The centaur convulses!
Your body is wracked with pain!
* * * LOW HITPOINT WARNING * * *
You hit the centaur. You burn the centaur.
The centaur is almost dead.
The centaur hits you.
* * * LOW HITPOINT WARNING * * *
The centaur barely misses you.
The centaur hits you but does no damage.
The centaur kicks you.
* * * LOW HITPOINT WARNING * * *
The centaur misses you. The centaur kicks you.
* * * LOW HITPOINT WARNING * * *
You hit the centaur. You burn the centaur.
You kill the centaur!
Cheibriados thoroughly appreciates the change of pace.
Menkaure calls on the powers of darkness!
Your body is wracked with pain!
* * * LOW HITPOINT WARNING * * *
You feel less invigorated.
You feel less confused.
Things that are here:
a +0 shortbow; 15 arrows You hit Menkaure.
You burn Menkaure.
Menkaure is heavily damaged.
Menkaure hits you!!
You die...

#........# ##..
#.....##§#######c(...
#.....##§§§§.........
###.###M5§§§.M5...... #.#
#§########.##.. #.# #c#
#..... #.# #.# ###.####
#.###.# ##P...P.. #.@M..#
##P..≈≈♣≈P #.#####
##P♣.♣≈♣≈≈≈ #######.###
#P..≈≈≈≈≈♣♣
..........#####..P≈≈≈≈♣≈.
#####.###.....P...≈≈♣....
#.. #.####.....♣..... #..
### ####♣...(.P. #...
#....... #.. ########


You could see Menkaure.

Vanquished Creatures
  Pikel (D:5)
  Grinder (D:3)
  A black bear (D:5)
  A centaur (D:5)
  A phantom (D:4)
  3 lemures (D:5)
  A scorpion (D:4)
  A bullfrog zombie (D:5)
  3 orc wizards
  A hound skeleton (D:4)
  8 gnolls (D:4)
  6 adders
  2 ufetubi (D:4)
  An adder skeleton (D:4)
  A worm (D:4)
  A dart slug (D:2)
  12 orcs
  7 endoplasms
  3 giant cockroaches
  3 goblins (D:4)
  4 hobgoblins
  4 jackals (D:3)
  6 kobolds
  5 quokkas
  4 ball pythons
  3 bats
  A frilled lizard (D:3)
  4 rats
89 creatures vanquished.

Vanquished Creatures (collateral kills)
  A white imp (D:5)
  An orc (D:3)
  A goblin (D:2)
3 creatures vanquished.

Vanquished Creatures (others)
  2 plants (D:5)
2 creatures vanquished.

Grand Total: 94 creatures vanquished

Notes
Turn   | Place    | Note
-------+----------+-------------------------------------------
     0 | D:1      | a3don the Djinni Hedge Wizard began the quest for the Orb.
     0 | D:1      | Reached XP level 1. HP: 15/15 MP: 0/0
   381 | D:1      | Found a faded altar of an unknown god.
   383 | D:1      | Reached XP level 2. HP: 19/21 MP: 0/0
   474 | D:1      | Found a sacrificial altar of Ru.
  1439 | D:2      | Reached XP level 3. HP: 23/25 MP: 0/0
  1439 | D:2      | Learned a level 1 spell: Freeze
  1777 | D:2      | Found a broken altar of Ashenzari.
  1812 | D:2      | HP: 1/26 [goblin (5)]
  2187 | D:2      | Reached skill level 1 in Fighting
  3011 | D:3      | Reached XP level 4. HP: 14/32 MP: 0/0
  4434 | D:3      | Reached XP level 5. HP: 37/38 MP: 0/0
  4434 | D:3      | Learned a level 2 spell: Corpse Rot
  4469 | D:3      | Noticed Grinder
  4491 | D:3      | Paralysed by Grinder for 5 turns
  4513 | D:3      | Killed Grinder
  4514 | D:3      | Reached XP level 6. HP: 19/47 MP: 0/0
  4972 | D:3      | Found a sparkling altar of Nemelex Xobeh.
  5325 | D:4      | Identified the +3 dagger of Suril {flame, Str+4}
  5756 | D:4      | Reached XP level 7. HP: 19/52 MP: 0/0
  5756 | D:4      | Learned a level 3 spell: Confusing Touch
  5995 | D:4      | Reached skill level 1 in Short Blades
  6403 | D:4      | Found an iron altar of Okawaru.
  6403 | D:4      | Found a snail-covered altar of Cheibriados.
  7338 | D:5      | Entered Level 5 of the Dungeon
  7436 | D:5      | Reached XP level 8. HP: 38/58 MP: 0/0
  7792 | D:5      | Found Iwycixea's Book Shoppe.
  7949 | D:5      | Noticed Pikel
  8197 | D:4      | Became a worshipper of Cheibriados the Contemplative
  8261 | D:5      | Killed Pikel
  8262 | D:5      | Reached skill level 5 in Fighting
  8262 | D:5      | Reached skill level 5 in Spellcasting
  8725 | D:5      | Noticed Menkaure
  8756 | D:5      | Mangled by Menkaure

Illustrated notes

Levels and vault maps discovered:
D:1:      wheals_arrival_linesprint, layout_basic,
          hellmonk_ecumenical_altar_blasted, minmay_hexomino_r4
D:2:      layout_loops_corners, basic_altar
D:3:      layout_basic, old_standard_altar, minmay_misc_feat_tiny,
          chequers_serial_rivers_marsh, uniq_grinder
D:4:      layout_basic, grunt_temple_overflow_open, grunt_tough_drop
D:5:      layout_loops_ring, nicolae_sif_muna_condensation, lemuel_round_altar,
          serial_bayou, serial_bayou_pond_a, serial_bayou_pond_a,
          serial_bayou_ford_a, serial_bayou_shore_b, minmay_door_square,
          minmay_shop_grid_forest, grunt_decor_cap, uniq_pikel, uniq_menkaure

Skill      XL: |  1  2  3  4  5  6  7  8 |
---------------+-------------------------+-----
Stealth        | 2 3 |  3.9
Fighting       | 1 2 3 4 5 |  5.4
Spellcasting   | 3 4 5 |  5.0
Short Blades   | 2 3 |  3.1
Dodging        | |  2.7

Action                   |  1- 3 |  4- 6 |  7- 9 || total
-------------------------+-------+-------+-------++-------
Melee: Dagger            |     4 |    47 |   103 ||   154
       Punch             |       |     2 |     2 ||     4
Throw: Stone             |       |     1 |       ||     1
       Throwing net      |       |     1 |       ||     1
 Cast: Magic Dart        |    84 |    59 |    39 ||   182
       Call Imp          |     4 |     8 |    10 ||    22
       Mephitic Cloud    |       |    10 |    20 ||    30
       Conjure Flame     |       |     1 |       ||     1
       Confusing Touch   |       |       |     4 ||     4
       Corpse Rot        |       |       |     2 ||     2
  Use: Potion            |       |     1 |     2 ||     3
       Scroll            |       |       |     4 ||     4
 Stab: Confused          |       |     4 |    14 ||    18
Armor: Robe              |     2 |    11 |    11 ||    24
Dodge: Dodged            |    12 |    34 |    78 ||   124

Table legend: (Time is in decaauts)
 A = Elapsed time spent in this place.
 B = Non-inter-level travel time spent in this place.
 C = Inter-level travel time spent in this place.
 D = Time resting spent in this place.
 E = Time spent auto-exploring this place.
 F = Levels seen in this place.
 G = Mean time per level.
                   A        B        C        D        E       F      G
               +--------+--------+--------+--------+--------+-----+--------+
         Total |   8836 |   8561 |    275 |   4029 |   3533 |   5 | 1767.2 |
       Dungeon |   8836 |   8561 |    275 |   4029 |   3533 |   5 | 1767.2 |
               +--------+--------+--------+--------+--------+-----+--------+

Top non-repeatable levels by time:
     D:2: 2836 daAuts
     D:4: 2003 daAuts
     D:3: 1674 daAuts
     D:5: 1293 daAuts
     D:1: 1029 daAuts
